 Dungeon Crawl Stone Soup version 0.29.1-2-gbd0b4ee654 (webtiles) character file.

Game seed: 2339088321988875049

37 jamesblauser the Chopper (level 3, 0/33 HPs)
             Began as a Minotaur Berserker on Nov 5, 2022.
             Was a Believer of Trog.
             Killed from afar by Natasha (6 damage)
             ... with a magic dart
             ... on level 2 of the Dungeon.
             The game lasted 00:04:07 (1061 turns).

jamesblauser the Chopper (Minotaur Berserker)       Turns: 1061, Time: 00:04:07

Health: 0/33       AC:  2    Str: 21    XL:     3   Next: 23%
Magic:  2/2        EV: 12    Int:  4    God:    Trog [**....]
Gold:   46         SH:  0    Dex: 11    Spells: 2/2 levels left

rFire   . . .      SeeInvis .   a - +0 hand axe
rCold   . . .      Faith    .   (no shield)
rNeg    . . .      Spirit   .   b - +0 animal skin
rPois   .          Reflect  .   (helmet restricted)
rElec   .          Harm     .   (no cloak)
rCorr   .          Rampage  .   (no gloves)
Will    .....                   (no boots)
Stlth   +.........              (no amulet)
HPRegen 0.11/turn               (no ring)
MPRegen 0.08/turn               (no ring)

@: slowed, very slow
A: horns 2, retaliatory headbutt
a: Renounce Religion, Berserk, Trog's Hand


You were on level 2 of the Dungeon.
You worshipped Trog.
Trog was pleased with you.
You visited 1 branch of the dungeon, and saw 2 of its levels.

You collected 46 gold pieces.

Inventory:

Hand Weapons
 a - a +0 hand axe (weapon)
Missiles
 d - 4 javelins (quivered)
Armour
 b - a +0 animal skin (worn)
Scrolls
 c - a scroll of enchant armour
 e - a scroll of identify


   Skills:
 + Level 4.1 Fighting
 + Level 4.6 Axes
 + Level 2.6 Armour
 + Level 2.3 Dodging
 + Level 0.1 Stealth


You had 2 spell levels left.
You didn't know any spells.
Your spell library was empty.

Dungeon Overview and Level Annotations

Branches:
Dungeon (2/15)

Altars:

Shops:
D:1 (:

Annotations:
D:2 Natasha


Innate Abilities, Weirdness & Mutations

You have a pair of horns on your head.
You reflexively headbutt those who attack you in melee.


Message History

There is a stone staircase leading up here.
The rat bites you but does no damage.
You hit the rat.
The rat is heavily wounded.
The rat barely misses you. You furiously retaliate!
You headbutt the rat!
You kill the rat!
Trog accepts your kill.
You see here a rat corpse.
Natasha, Servant of Life and Death comes into view.
Natasha hisses angrily.
A giant cockroach comes into view.
A rat comes into view.
Natasha stares at you and mumbles some strange words.
You feel yourself slow down.
Found a scale mail.
Natasha claws you. x2
You hit Natasha.
Natasha is moderately wounded.
The giant cockroach waves its antennae.
Natasha claws you!
A kobold comes into view. It is wielding a +0 club.
The rat misses you.
You barely miss Natasha.
Natasha is moderately wounded.
The kobold shouts!
You hit the rat.
You kill the rat!
Trog accepts your kill. Natasha barely misses you.
Natasha stares at you and mumbles some strange words.
The magic dart hits you!
* * * LOW HITPOINT WARNING * * *
You hit Natasha.
Natasha is severely wounded.
You closely miss the giant cockroach. The giant cockroach barely misses you.
You furiously retaliate!
You headbutt the giant cockroach!
You kill the giant cockroach!
Trog accepts your kill.
Natasha casts a spell.
Natasha casts a spell at you. The magic dart hits you.
You die...

.. .[. ## .# ... #..
.# .... #.# .#.K#..
#.# .#...#. #.#
####.......
#.###.........#
####......@h..#
#..##.....##.##.....#
#......<.†##.#
.#5....
#.###....(##.# .#
..## #.....##.# .# ##
#.....##.# .#
#.....##.# ..
###......# .# #.####


You could see Natasha, a shadow imp (summoned) and a kobold.

Vanquished Creatures
  2 ball pythons (D:1)
  3 endoplasms (D:1)
  5 giant cockroaches
  5 goblins (D:1)
  8 hobgoblins (D:1)
  A quokka (D:1)
  4 bats (D:1)
  A frilled lizard (D:1)
  A kobold (D:1)
  2 rats (D:2)
32 creatures vanquished.

Notes
Turn   | Place    | Note
-------+----------+-------------------------------------------
     0 | D:1      | jamesblauser the Minotaur Berserker began the quest for the
                  | Orb.
     0 | D:1      | Reached XP level 1. HP: 19/19 MP: 0/0
    10 | D:1      | Found Viaxtups's Book Shop.
   273 | D:1      | Reached XP level 2. HP: 20/27 MP: 1/1
   567 | D:1      | Reached ** piety under Trog
   697 | D:1      | Found a faded altar of an unknown god.
   704 | D:1      | Reached XP level 3. HP: 32/33 MP: 2/2
   859 | D:1      | Found Ibeacamn's Weapon Shoppe.
  1054 | D:2      | Noticed Natasha
  1061 | D:2      | Killed from afar by Natasha

Illustrated notes

Levels and vault maps discovered:
D:1:      erik_arrival_blinker_ship, layout_rooms, serial_shops, shop, shop,
          chequers_ecumenical_altar_simple_redux
D:2:      layout_basic, minmay_tripent, uniq_natasha

Skill      XL: |  1  2 |
---------------+-------+-----
Axes           | 4 |  4.6
Fighting       | 4 |  4.1
Armour         | |  2.6
Dodging        | |  2.3
Stealth        | |  0.1

Action                   || total
-------------------------++-------
Melee: Hand axe          ||    50
       Headbutt          ||     2
  Use: Scroll            ||     2
       Potion            ||     1
 Stab: Sleeping          ||     1
Armor: Animal skin       ||    10
Dodge: Dodged            ||    54
